 Dungeon Crawl Stone Soup version 0.29.1-4-g47bece8355 (webtiles) character file.

Game seed: 1956769858454995710

211 GigaChad the Covered (level 6, 0/47 HPs)
             Began as a Human Fighter on Dec 6, 2022.
             Slain by a hobgoblin (1 damage)
             ... on level 4 of the Dungeon.
             The game lasted 00:04:12 (3119 turns).

GigaChad the Covered (Human Fighter)                Turns: 3119, Time: 00:04:12

Health: 0/47       AC: 11    Str: 18    XL:     6   Next: 13%
Magic:  6/6        EV:  5    Int:  9    God:
Gold:   67         SH:  4    Dex: 12    Spells: 5/5 levels left

rFire   . . .      SeeInvis .   t - +2 scimitar (freeze)
rCold   . . .      Faith    .   c - +0 buckler
rNeg    . . .      Spirit   .   g - +0 plate armour
rPois   .          Reflect  .   (no helmet)
rElec   .          Harm     .   (no cloak)
rCorr   .          Rampage  .   (no gloves)
Will    +....                   (no boots)
Stlth   ..........              (no amulet)
HPRegen 0.15/turn               f - ring of willpower
MPRegen 0.10/turn               (no ring)

@: no status effects
A: no striking features
a: no special abilities


You were on level 4 of the Dungeon.
You visited 1 branch of the dungeon, and saw 4 of its levels.

You collected 207 gold pieces.
You spent 140 gold pieces at shops.

Inventory:

Hand Weapons
 a - a +0 war axe
 t - a +2 scimitar of freezing (weapon)
Missiles
 u - a throwing net (quivered)
Armour
 b - a +0 scale mail
 c - a +0 buckler (worn)
 g - a +0 plate armour (worn)
 l - the +0 robe of Resourcefulness {Str+6 Stlth+}
   (You found it on level 2 of the Dungeon)

   Str:       It affects your strength (+6).
   Stlth:     It makes you more stealthy.
Jewellery
 f - a ring of willpower (left hand)
 o - a ring of positive energy
 v - a +4 ring of evasion
 x - a ring of protection from cold
Wands
 q - a wand of flame (34)
Scrolls
 e - 4 scrolls of teleportation {unknown}
 h - 6 scrolls of identify {unknown}
 i - a scroll of summoning {unknown}
 k - 2 scrolls of immolation {unknown}
 r - a scroll of fear {unknown}
 s - a scroll of noise {unknown}
 y - a scroll of amnesia {unknown}
Potions
 d - 3 potions of might
 j - a potion of curing {unknown}
 m - a potion of haste {unknown}
 p - 2 potions of brilliance {unknown}
 w - a potion of heal wounds {unknown}


   Skills:
 + Level 3.6 Fighting
 * Level 1.0 Long Blades
 - Level 3.7 Axes
 + Level 4.2 Armour
 * Level 1.0 Stealth
 + Level 3.4 Shields


You had 5 spell levels left.
You didn't know any spells.
Your spell library contained the following spells:

 Spells                   Type           Power      Damage    Failure   Level
 Slow                     Hex            0%         N/A       100%        1
 Confusing Touch          Hex            0%         N/A       100%        3
 Vampiric Draining        Necr           0%         2d6       100%        3


Dungeon Overview and Level Annotations

Branches:
Dungeon (4/15)
 Temple: D:4-7

Altars:
Xom

Shops:
D:3 (


Message History

Your butterfly disappears in a burst of colours!
The gnoll is no longer moving quickly.
Something hits your butterfly.
Your butterfly dies!
Your butterfly disappears in a burst of colours!
Something hits your butterfly.
Your butterfly dies!
Your butterfly disappears in a burst of colours!
The gnoll hits you but does no damage. The gnoll misses your butterfly.
You swap places.
The gnoll hits you but does no damage. You block the gnoll's attack.
You swap places.
The gnoll barely misses you.
The gnoll closely misses your butterfly.
You swap places.
Your butterfly disappears in a burst of colours!
You hit the gnoll. You freeze the gnoll.
The gnoll is moderately wounded.
The gnoll hits you but does no damage. x2
You slash the gnoll! You freeze the gnoll.
You kill the gnoll!
The gnoll completely misses you.
The hobgoblin barely misses your butterfly.
The hobgoblin closely misses your butterfly.
The gnoll hits you but does no damage.
Your Long Blades skill increases to level 1!
There are monsters nearby!
There are monsters nearby!
Your butterfly disappears in a burst of colours!
The hobgoblin closely misses your butterfly.
The gnoll barely misses you.
You see here a +0 flail.
You swap places.
The hobgoblin barely misses you. You block the hobgoblin's attack.
The gnoll hits you but does no damage.
You slash the hobgoblin! You freeze the hobgoblin.
You kill the hobgoblin!
The hobgoblin hits you but does no damage.
The gnoll hits you from afar with a +0 spear.
* * * LOW HITPOINT WARNING * * *
The gnoll hits you but does no damage. The hobgoblin hits you.
You die...

# #.. .###..##
#...###....##
.##.##......# #
#......#.#
#..#.# # ##bg.#
# #)##.# ..#
##.# .# .#
###g@# .### . .
#...g### #..
.....##...##.##
....# ###...# .
#... ##.## ##
##...## ##.# .
#.#
##..ggg##..# .#
#..##. #)gb.#
.####..#..
#bb..#


You could see 2 gnolls and a hobgoblin.

Vanquished Creatures
  2 orc priests (D:3)
  A gnoll bouda (D:4)
  An orc wizard (D:3)
  3 gnolls (D:4)
  An adder (D:2)
  A dart slug (D:2)
  5 orcs (D:3)
  3 endoplasms
  3 giant cockroaches (D:1)
  3 goblins
  4 hobgoblins
  4 jackals (D:3)
  3 quokkas
  4 ball pythons
  4 bats
  4 frilled lizards
  6 kobolds
  3 rats
55 creatures vanquished.

Notes
Turn   | Place    | Note
-------+----------+-------------------------------------------
     0 | D:1      | GigaChad the Human Fighter began the quest for the Orb.
     0 | D:1      | Reached XP level 1. HP: 18/18 MP: 1/1
    61 | D:1      | Reached XP level 2. HP: 17/24 MP: 2/2
   937 | D:2      | Found a faded altar of an unknown god.
   943 | D:2      | Reached XP level 3. HP: 25/29 MP: 3/3
  1228 | D:2      | Found a shimmering altar of Xom.
  1249 | D:2      | Identified the +0 robe of Resourcefulness {Str+6 Stlth+}
  1463 | D:3      | Reached XP level 4. HP: 26/35 MP: 4/4
  1703 | D:3      | Reached skill level 4 in Armour
  1703 | D:3      | Reached XP level 5. HP: 41/41 MP: 5/5
  2464 | D:3      | Found Xiesmu's Antique Weapon Boutique.
  2474 | D:3      | Bought a runed scimitar for 140 gold pieces
  2631 | D:3      | You fall into a shaft and drop 1 floor!
  3090 | D:4      | Reached XP level 6. HP: 16/47 MP: 6/6
  3092 | D:4      | Reached skill level 1 in Stealth
  3093 | D:4      | HP: 1/47 [gnoll/+0 flail[a gnoll bouda] (2)]
  3116 | D:4      | Reached skill level 1 in Long Blades
  3118 | D:4      | HP: 1/47 [gnoll/+0 spear[a gnoll bouda] (4)]
  3119 | D:4      | Slain by a hobgoblin

Illustrated notes

Levels and vault maps discovered:
D:1:      erik_arrival_orb_chamber, layout_rooms
D:2:      layout_rooms, basic_altar, basic_ecumenical_altar, nrook_loot_triangle
D:3:      layout_loops_corners, serial_shops, nicolae_shop_overgrown_old_shop
D:4:      layout_layer_cave

Skill      XL: |  1  2  3  4  5  6 |
---------------+-------------------+-----
Axes           | 3 |  3.7
Armour         | 4 |  4.2
Stealth        | 1 |  1.0
Long Blades    | 1 |  1.0
Fighting       | |  3.6
Shields        | |  3.4

Action                   |  1- 3 |  4- 6 || total
-------------------------+-------+-------++-------
Melee: War axe           |    74 |    42 ||   116
       Scimitar          |       |    36 ||    36
  Use: Scroll            |       |     1 ||     1
Armor: Scale mail        |     6 |       ||     6
       Plate armour      |    81 |    50 ||   131
Dodge: Dodged            |    18 |    28 ||    46
Block: Buckler           |    29 |    21 ||    50
